Workbook
Name _________APU221: #REF!
Name _________APU465: [1]!absc
Name _________APU465: [1]!absc
Name _________PJ50: #REF!
Name _________pj51: #REF!
Name ________APU221: #REF!
Name ________APU465: [1]!absc
Name ________APU465: [1]!absc
Name ________PJ50: #REF!
Name ________pj51: #REF!
Name ________rc: #REF!
Name _______APU221: #REF!
Name _______APU465: [1]!absc
Name _______APU465: [1]!absc
Name _______PJ50: #REF!
Name _______pj51: #REF!
Name _______rc: #REF!
Name ______APU221: #REF!
Name ______APU465: [1]!absc
Name ______APU465: [1]!absc
Name ______PJ50: #REF!
Name ______pj51: #REF!
Name ______rc: #REF!
Name _____APU221: #REF!
Name _____APU465: [1]!absc
Name _____APU465: [1]!absc
Name _____PJ50: #REF!
Name _____pj51: #REF!
Name _____rc: #REF!
Name ____APU221: #REF!
Name ____APU465: [1]!absc
Name ____APU465: [1]!absc
Name ____PJ50: #REF!
Name ____pj51: #REF!
Name ____rc: #REF!
Name ___APU221: #REF!
Name ___APU465: [1]!absc
Name ___APU465: [1]!absc
Name ___PJ50: #REF!
Name ___pj51: #REF!
Name ___rc: #REF!
Name __APU221: #REF!
Name __APU465: [1]!absc
Name __APU465: [1]!absc
Name __inf1: #REF!
Name __PJ50: #REF!
Name __pj51: #REF!
Name __rc: #REF!
Name _APU221: #REF!
Name _APU3: #REF!
Name _APU465: [1]!absc
Name _APU465: [1]!absc
Name _inf1: #REF!
Name _PJ50: #REF!
Name _pj51: #REF!
Name _rc: #REF!
Name A: #REF!
Name A_impresión_IM: #REF!
Name aa: #REF!
Name absc: #N/A

Sheet Ppto Mezcla Afirmado
C3: Formulario 1 - Propuesta económica - Documento tipo de selección abreviada de menor cuantía - versión 2
C4: Código | D4: CCE-EICP-FM-25 | E4: Versión | F4: 2
C6: INSTITUTO NACIONAL DE VIAS
C7: DIRECCION OPERATIVA
C8: SUBDIRECCIÓN DE GESTIÓN INTEGRAL DE CARRETERAS NACIONALES
C9: DIRECCIÓN TERRITORIAL MAGDALENA
C12: IP-DT-MAG-004-2025
C13: SUMINISTRO DE AFIRMADO PARA LA VÍA 2701 PLATO - SALAMINA PR15 +000 a PR29+000, A CARGO DE LA DIRECCIÓN TERRITORIAL MAGDALENA DEL INVIAS
C15: Formulario 1- Presupuesto Oficial
C18: Nº | D18: ITEM DE PAGO | E18: ESPECIFICACIONES | G18: DESCRIPCION | H18: UND. | I18: CANTIDAD | J18: VALOR UNITARIO | K18: VALOR TOTAL
E19: GENERAL | F19: PARTICULAR
C20: SUMINISTRO DE MEZCLAS ASFALTICAS EN CALIENTE
C21: 1 | D21: 311 | E21: 311-22 | F21: 311-P | G21: SUMINISTRO DE AFIRMADO SUELTO (Analisis aplicado para el suministro del material tipo afirmado, suministro de equipo, transporte). | H21: M3 | I21: 319.62462 | K21: =I21*J21 -> 0
C23: =+#REF!+1 -> #REF! | F23: 343,1P | G23: Base Estabilizada en Caliente con Asfalto - BECA | H23: m3 | I23: 0 | J23: 450127 | K23: =I23*J23 -> 0
C24: =C23+1 -> #REF! | F24: 661,1P | G24: Suministro e instalación tubería PVC RS o similar especificación de D=36" | H24: m | I24: 0 | J24: 393454 | K24: =I24*J24 -> 0
C25: =C24+1 -> #REF! | F25: 220.1P | G25: Suministro de material aluvial - crudo de rio y/o material de cantera tipo seleccionado para mejoramientos (suministro suelto) | H25: m3 | I25: 0 | J25: 50721 | K25: =I25*J25 -> 0
C26: =#REF!+1 -> #REF! | F26: 420.1P | G26: Riego de imprimación enriquecido con sello de arena | H26: m2 | I26: 0 | J26: 4797 | K26: =I26*J26 -> 0
C27: =C26+1 -> #REF! | F27: 621.1P | G27: Pilotes tipo Caisson preexcavados en concreto Clase C, excavados a hasta una profundidad máxima 25 m; incluye la excavación - anillos de encamisado y formaleta (no incluye el acero de refuerzo ni del pilote ni de los anillos) | H27: m3 | I27: 0 | J27: 2235790 | K27: =I27*J27 -> 0
C28: =C27+1 -> #REF! | F28: 661.2P | G28: Suministro e instalación tubería PVC RS o similar de D=12" | H28: m | I28: 0 | J28: 134681 | K28: =I28*J28 -> 0
C29: =C28+1 -> #REF! | F29: 670.3P | G29: Disipadores de energía y sedimentadores en concreto reforzado (no incluye acero) | H29: m3 | I29: 0 | J29: 738838 | K29: =I29*J29 -> 0
C30: =C29+1 -> #REF! | F30: 671.2P | G30: Zanja colectora media caña diámetro 12" prefabricada | H30: m | I30: 0 | J30: 61818 | K30: =I30*J30 -> 0
C31: =C30+1 -> #REF! | F31: 675.1P | G31: Cámaras de inspección vertical de 1.20 x 1.20 interno, para sitios de disposición de materiales (no incluye el acero) | H31: m | I31: 0 | J31: 1046202 | K31: =I31*J31 -> 0
C32: =C31+1 -> #REF! | F32: 675.2P | G32: Cámaras de inspección vertical de 1.50 x 1.50 interno, para sitios de disposición de materiales (no incluye el acero) | H32: m | I32: 0 | J32: 1163781 | K32: =I32*J32 -> 0
C33: =C32+1 -> #REF! | F33: 675.3P | G33: Placa en concreto reforzado con aro tapa para cámaras de inspección (incluye aro tapa HF - y acero de refuerzo) | H33: u | I33: 0 | J33: 990224 | K33: =I33*J33 -> 0
C34: SUBTOTAL OBRAS | K34: =K21 -> 0
C35: (1) VALOR TOTAL BÁSICO DEL SUMINISTRO | K35: =K34 -> 0
C36: (2) VALOR IVA (19% del SUMINISTRO) | K36: =ROUND(0.19*K35,0) -> 0
C37: (3) =(1)+(2) VALOR TOTAL SUMINISTRO (INCLUYE IVA) | K37: =ROUND(K35+K36,0) -> 0
C38: ajuste | J38: ajuste
C39: VALOR TOTAL SUMINISTRO (INCLUYE IVA) | K39: =+K37+K38 -> 0
C41: VALOR TOTAL EN LETRAS:
C42: NOTA 1: Se debe tener en cuenta que el PRECIO UNITARIO incluye el valor de A.I.U. | H42: DESCRIPCION | K42: PORCENTAJE
C43: NOTA 2: Cuando la fracción decimal del peso sea igual o superior a 5 se aproximara por exceso al número entero siguiente del peso y cuando la fracción decimal del peso sea inferior a 5 se aproximará por defecto al número entero del peso. | H43: ADMINISTRACION | J43: A= | K43: 0.2
C44: NOTA 3: El A y su discriminación deben estar en porcentaje (%). | H44: IMPREVISTO | J44: I= | K44: 0
C45: NOTA 4: Teniendo en cuenta el Manual de Señalización Vial de Colombia. Dispositivos uniformes en la infraestructura vial para la regulación del tránsito y la seguridad vial, adoptado mediante Resolución No. 45005 de 2024 del Ministerio de Transporte, se aclara que el aparte de SEÑALIZACIÓN se debe ajustar a todo su contenido, se deberá colocar toda la señalización requerida en el PLAN DE MANEJO DE TRANSITO, para el correcto desarrollo del suministro de mezcla | H45: UTILIDAD | J45: U= | K45: 0
C46: NOTA 5:El control de tráfico temporal (controladores de trafico) y la señalización provisional necesarios para la ejecución de las obras será por cuenta y riesgo del contratista. | H46: TOTAL A.I.U | J46: A.I.U.= | K46: 0.2
C47: NOTA 6: El reconocimiento económico de los requerimientos ambientales exigidos por las autoridades ambientales, y/o sociales que son de obligatorio cumplimiento, serán reconocidos a cargo de reembolso de gastos (afectados por un % de administracion).
C48: NOTA 7: Los valores que aparecen fijos e inmodificables no podrán alterarse, de lo contrario, será causal de rechazo de la propuesta que hace parte integral del presente proceso.
G51: FIRMA REPRESENTANTE LEGAL

Sheet 311.1P
K1: CÓDIGO | L1: FR-APU-1 | N1: #VALUE!
C2: INSTITUTO NACIONAL DE VIAS
C3: ANÁLISIS DE PRECIOS UNITARIOS DE REFERENCIA REGIONALIZADOS | K3: VERSIÓN | L3: 2021
C5: ACTUALIZACIÓN PERIÓDICA | K5: PÁGINA
K8: FECHA
L9: (Día) | M9: (Mes) | N9: (Año)
B10: ÍTEM BASE DE APU DE REFERENCIA: | E10: ⊠ | F10: PUBLICACIÓN: | H10: 2025 - 1, junio de 2025
B12: ÍTEM DE PROYECTO PARTICULAR:
B13: ÍTEM DE LA PROPUESTA ECONÓMICA: | E13: □ | H13: ÍTEM NO PREVISTO: | J13: □ | K13: ÍTEM APU PARTICULAR: | M13: □
B14: UNIDAD EJECUTORA: | H14: DIRECCIÓN TERRITORIAL: | J14: =+[20]PORTADA!D21 -> MAGDALENA | K14: PROVINCIA: | L14: =+[20]PORTADA!CL21 -> CENTRO
B17: CONTRATO No. | D17: FECHA:
B18: OBJETO DEL CONTRATO:
B21: CARRETERA: | J21: SECTOR:
B23: CONTRATISTA:
B25: INTERVENTOR: | K25: CONTRATO No. | M25: FECHA:
B27: FECHA DE CIERRE DEL PROCESO DE SELECCIÓN DEL CONTRATO: | I27: / | J27: /
F28: (Día) | H28: (Día) | I28: (Mes) | J28: (Año)
B30: DATOS ESPECÍFICOS
B32: ÍTEM | C32: DESCRIPCIÓN | K32: GRUPO DE AJUSTE | L32: UNIDAD | N32: CANTIDAD
B33: 311,1 | C33: SUMINISTRO DE AFIRMADO SUELTO (Analisis aplicado para el suministro del material tipo afirmado, suministro de equipo, transporte). | L33: =VLOOKUP(B33,[20]ÍNDICE!B5:D994,3,FALSE) -> m3
B34: ,
B35: I. EQUIPO
B37: CÓDIGO | C37: DESCRIPCIÓN | J37: TIPO | K37: TARIFA/HORA | L37: RENDIMIENTO | N37: Vr. UNITARIO
B38: =IF(IFERROR(VLOOKUP(B$33,[20]APU´S!C$4:CO$996,6,FALSE),"")="","",VLOOKUP(B$33,[20]APU´S!C$4:CO$996,6,FALSE)) -> C0010150 | C38: Carrotanque de agua (1000 Galones) (incluye operador) | K38: =IFERROR(VLOOKUP(B38,[20]EQUIPO!C$6:G$164,5,FALSE),"") -> 100545.2 | L38: =IF(B38="","",VLOOKUP(B$33,[20]APU´S!C$4:CO$996,7,FALSE)*((1/(VLOOKUP(B$33,'[20]HOJA DE CALCULOS '!FQ$5:FU$499,5,FALSE))))) -> 0.022222222 | N38: =IF(L38="","",ROUND(L38*K38,2)) -> 2234.34 | U38: =+T38*Q38 -> 0
B39: =IF(IFERROR(VLOOKUP(B$33,[20]APU´S!C$4:CO$996,8,FALSE),"")="","",VLOOKUP(B$33,[20]APU´S!C$4:CO$996,8,FALSE)) -> C0010610 | C39: Motoniveladora potencia 215 HP, ancho de cuchilla 4,27 m, peso 18 ton (incluye operador) | K39: =IFERROR(VLOOKUP(B39,[20]EQUIPO!C$6:G$164,5,FALSE),"") -> 269993.12 | L39: =IF(B39="","",VLOOKUP(B$33,[20]APU´S!C$4:CO$996,9,FALSE)*(1/(VLOOKUP(B$33,'[20]HOJA DE CALCULOS '!FQ$5:FU$499,5,FALSE)))) -> 0.022222222 | N39: =IF(L39="","",ROUND(L39*K39,2)) -> 5999.85
B40: =IF(IFERROR(VLOOKUP(B$33,[20]APU´S!C$4:CO$996,10,FALSE),"")="","",VLOOKUP(B$33,[20]APU´S!C$4:CO$996,10,FALSE)) -> C0010923 | C40: =IFERROR(VLOOKUP(B40,[20]EQUIPO!C$6:E$164,3,FALSE),"") -> Vibrocompactador, potencia 153 HP, peso 10 ton | K40: =IFERROR(VLOOKUP(B40,[20]EQUIPO!C$6:G$164,5,FALSE),"") -> 177683.29 | L40: =IF(B40="","",VLOOKUP(B$33,[20]APU´S!C$4:CO$996,11,FALSE)*((1/VLOOKUP(B$33,'[20]HOJA DE CALCULOS '!FQ$5:FU$499,5,FALSE)))) -> 0.022222222 | N40: =IF(L40="","",ROUND(L40*K40,2)) -> 3948.52 | U40: =1/U38 -> #DIV/0!
B41: =IF(IFERROR(VLOOKUP(B$33,[20]APU´S!C$4:CO$996,12,FALSE),"")="","",VLOOKUP(B$33,[20]APU´S!C$4:CO$996,12,FALSE)) | C41: =IFERROR(VLOOKUP(B41,[20]EQUIPO!C$6:E$164,3,FALSE),"") | K41: =IFERROR(VLOOKUP(B41,[20]EQUIPO!C$6:G$164,5,FALSE),"") | L41: =IF(B41="","",VLOOKUP(B$33,[20]APU´S!C$4:CO$996,13,FALSE)*((1/VLOOKUP(B$33,'[20]HOJA DE CALCULOS '!FQ$5:FU$499,5,FALSE)))) | N41: =IF(L41="","",ROUND(L41*K41,2)) | U41: =+U40*7.6667 -> #DIV/0!
B42: =IF(IFERROR(VLOOKUP(B$33,[20]APU´S!C$4:CO$996,14,FALSE),"")="","",VLOOKUP(B$33,[20]APU´S!C$4:CO$996,14,FALSE)) | C42: =IFERROR(VLOOKUP(B42,[20]EQUIPO!C$6:E$164,3,FALSE),"") | K42: =IFERROR(VLOOKUP(B42,[20]EQUIPO!C$6:G$164,5,FALSE),"") | L42: =IF(B42="","",VLOOKUP(B$33,[20]APU´S!C$4:CO$996,15,FALSE)*((1/VLOOKUP(B$33,'[20]HOJA DE CALCULOS '!FQ$5:FU$499,5,FALSE)))) | N42: =IF(L42="","",ROUND(L42*K42,2))
B43: =IF(IFERROR(VLOOKUP(B$33,[20]APU´S!C$4:CO$996,16,FALSE),"")="","",VLOOKUP(B$33,[20]APU´S!C$4:CO$996,16,FALSE)) | C43: =IFERROR(VLOOKUP(B43,[20]EQUIPO!C$6:E$164,3,FALSE),"") | K43: =IFERROR(VLOOKUP(B43,[20]EQUIPO!C$6:G$164,5,FALSE),"") | L43: =IF(B43="","",VLOOKUP(B$33,[20]APU´S!C$4:CO$996,17,FALSE)*((1/VLOOKUP(B$33,'[20]HOJA DE CALCULOS '!FQ$5:FU$499,5,FALSE)))) | N43: =IF(L43="","",ROUND(L43*K43,2))
B44: =IF(IFERROR(VLOOKUP(B$33,[20]APU´S!C$4:CO$996,18,FALSE),"")="","",VLOOKUP(B$33,[20]APU´S!C$4:CO$996,18,FALSE)) | C44: =IFERROR(VLOOKUP(B44,[20]EQUIPO!C$6:E$164,3,FALSE),"") | K44: =IFERROR(VLOOKUP(B44,[20]EQUIPO!C$6:G$164,5,FALSE),"") | L44: =IF(B44="","",VLOOKUP(B$33,[20]APU´S!C$4:CO$996,19,FALSE)*((1/VLOOKUP(B$33,'[20]HOJA DE CALCULOS '!FQ$5:FU$499,5,FALSE)))) | N44: =IF(L44="","",ROUND(L44*K44,2))
B45: =IF(IFERROR(VLOOKUP(B$33,[20]APU´S!C$4:CO$996,20,FALSE),"")="","",VLOOKUP(B$33,[20]APU´S!C$4:CO$996,20,FALSE)) | C45: =IFERROR(VLOOKUP(B45,[20]EQUIPO!C$6:E$164,3,FALSE),"") | K45: =IFERROR(VLOOKUP(B45,[20]EQUIPO!C$6:G$164,5,FALSE),"") | L45: =IF(B45="","",VLOOKUP(B$33,[20]APU´S!C$4:CO$996,21,FALSE)*((1/VLOOKUP(B$33,'[20]HOJA DE CALCULOS '!FQ$5:FU$499,5,FALSE)))) | N45: =IF(L45="","",ROUND(L45*K45,2))
B46: =IF(IFERROR(VLOOKUP(B$33,[20]APU´S!C$4:CO$996,22,FALSE),"")="","",VLOOKUP(B$33,[20]APU´S!C$4:CO$996,22,FALSE)) | C46: =IFERROR(VLOOKUP(B46,[20]EQUIPO!C$6:E$164,3,FALSE),"") | K46: =IFERROR(VLOOKUP(B46,[20]EQUIPO!C$6:G$164,5,FALSE),"") | L46: =IF(B46="","",VLOOKUP(B$33,[20]APU´S!C$4:CO$996,23,FALSE)*((1/VLOOKUP(B$33,'[20]HOJA DE CALCULOS '!FQ$5:FU$499,5,FALSE)))) | N46: =IF(L46="","",ROUND(L46*K46,2))
B47: =IF(IFERROR(VLOOKUP(B$33,[20]APU´S!C$4:CO$996,24,FALSE),"")="","",VLOOKUP(B$33,[20]APU´S!C$4:CO$996,24,FALSE)) | C47: =IFERROR(VLOOKUP(B47,[20]EQUIPO!C$6:E$164,3,FALSE),"") | K47: =IFERROR(VLOOKUP(B47,[20]EQUIPO!C$6:G$164,5,FALSE),"") | L47: =IF(B47="","",VLOOKUP(B$33,[20]APU´S!C$4:CO$996,25,FALSE)*((1/VLOOKUP(B$33,'[20]HOJA DE CALCULOS '!FQ$5:FU$499,5,FALSE)))) | N47: =IF(L47="","",ROUND(L47*K47,2))
B48: =IF(IFERROR(VLOOKUP(B$33,[20]APU´S!C$4:CO$996,26,FALSE),"")="","",VLOOKUP(B$33,[20]APU´S!C$4:CO$996,26,FALSE)) | C48: =IFERROR(VLOOKUP(B48,[20]EQUIPO!C$6:E$164,3,FALSE),"") | K48: =IFERROR(VLOOKUP(B48,[20]EQUIPO!C$6:G$164,5,FALSE),"") | L48: =IF(B48="","",VLOOKUP(B$33,[20]APU´S!C$4:CO$996,27,FALSE)*((1/VLOOKUP(B$33,'[20]HOJA DE CALCULOS '!FQ$5:FU$499,5,FALSE)))) | N48: =IF(L48="","",ROUND(L48*K48,2))
B49: =IF(IFERROR(VLOOKUP(B$33,[20]APU´S!C$4:CO$996,28,FALSE),"")="","",VLOOKUP(B$33,[20]APU´S!C$4:CO$996,28,FALSE)) | C49: =IFERROR(VLOOKUP(B49,[20]EQUIPO!C$6:E$164,3,FALSE),"") | K49: =IFERROR(VLOOKUP(B49,[20]EQUIPO!C$6:G$164,5,FALSE),"") | L49: =IF(B49="","",VLOOKUP(B$33,[20]APU´S!C$4:CO$996,29,FALSE)*((1/VLOOKUP(B$33,'[20]HOJA DE CALCULOS '!FQ$5:FU$499,5,FALSE)))) | N49: =IF(L49="","",ROUND(L49*K49,2))
B50: =IF(IFERROR(VLOOKUP(B$33,[20]APU´S!C$4:CO$996,30,FALSE),"")="","",VLOOKUP(B$33,[20]APU´S!C$4:CO$996,30,FALSE)) | C50: =IFERROR(VLOOKUP(B50,[20]EQUIPO!C$6:E$164,3,FALSE),"") | K50: =IFERROR(VLOOKUP(B50,[20]EQUIPO!C$6:G$164,5,FALSE),"") | L50: =IF(B50="","",VLOOKUP(B$33,[20]APU´S!C$4:CO$996,31,FALSE)*((1/VLOOKUP(B$33,'[20]HOJA DE CALCULOS '!FQ$5:FU$499,5,FALSE)))) | N50: =IF(L50="","",ROUND(L50*K50,2))
C51: =IFERROR(VLOOKUP(B51,[20]EQUIPO!C$6:E$164,3,FALSE),"") | K51: =IFERROR(VLOOKUP(B51,[20]EQUIPO!C$6:G$164,5,FALSE),"") | L51: =IF(B51="","",VLOOKUP(B$33,[20]APU´S!C$4:CO$996,33,FALSE)*((1/VLOOKUP(B$33,'[20]HOJA DE CALCULOS '!FQ$5:FU$499,5,FALSE)))) | N51: =IF(L51="","",ROUND(L51*K51,2))
B52: =IF(IFERROR(VLOOKUP(B$33,[20]APU´S!C$4:CO$996,4,FALSE),"")="","",VLOOKUP(B$33,[20]APU´S!C$4:CO$996,4,FALSE)) -> HERMENINV | C52: HERRAMIENTA MENOR (% MANO DE OBRA) | J52: =IFERROR(VLOOKUP(B52,[20]EQUIPO!C$6:E$164,2,FALSE),"") -> % | K52: 15000 | L52: =IF(B52="","",VLOOKUP(B$33,[20]APU´S!C$4:CO$996,5,FALSE)) -> 0.05 | N52: =IF(K52="","",ROUND(L52*K52,2)) -> 750
B53: SUBTOTAL $ | N53: =ROUND(SUM(N38:N52),2) -> 12932.71
B55: II. MATERIALES
B57: CÓDIGO | C57: DESCRIPCIÓN | J57: UNIDAD | K57: CANTIDAD | L57: PRECIO UNIT. | N57: Vr. UNITARIO
B58: =IF(IFERROR(VLOOKUP(B$33,[20]APU´S!C$4:CO$996,32,FALSE),"")="","",VLOOKUP(B$33,[20]APU´S!C$4:CO$996,32,FALSE)) -> B0063200 | C58: =IFERROR(VLOOKUP(B58,[20]MATERIALES!C$7:E$494,3,FALSE),"") -> Agua | J58: =IFERROR(VLOOKUP(B58,[20]MATERIALES!C$7:E$494,2,FALSE),"") -> L | K58: =IF(B58="","",VLOOKUP(B$33,[20]APU´S!C$4:CO$996,33,FALSE)) -> 22 | L58: =IFERROR(VLOOKUP(B58,[20]MATERIALES!C$7:I$494,4,FALSE),"") -> 142.51293 | N58: =IF(L58="","",ROUND(L58*K58,2)) -> 3135.28
B59: =IF(IFERROR(VLOOKUP(B$33,[20]APU´S!C$4:CO$996,34,FALSE),"")="","",VLOOKUP(B$33,[20]APU´S!C$4:CO$996,34,FALSE)) -> B0014270 | C59: =IFERROR(VLOOKUP(B59,[20]MATERIALES!C$7:E$494,3,FALSE),"") -> Material de afirmado CBR ≥ 15% | J59: =IFERROR(VLOOKUP(B59,[20]MATERIALES!C$7:E$494,2,FALSE),"") -> m3 | K59: 1.3 | L59: 42000 | N59: =IF(L59="","",ROUND(L59*K59,2)) -> 54600
B60: =IF(IFERROR(VLOOKUP(B$33,[20]APU´S!C$4:CO$996,36,FALSE),"")="","",VLOOKUP(B$33,[20]APU´S!C$4:CO$996,36,FALSE)) | C60: =IFERROR(VLOOKUP(B60,[20]MATERIALES!C$7:E$494,3,FALSE),"") | J60: =IFERROR(VLOOKUP(B60,[20]MATERIALES!C$7:E$494,2,FALSE),"") | K60: =IF(B60="","",VLOOKUP(B$33,[20]APU´S!C$4:CO$996,37,FALSE)) | L60: =IFERROR(VLOOKUP(B60,[20]MATERIALES!C$7:I$494,4,FALSE),"") | N60: =IF(L60="","",ROUND(L60*K60,2))
B61: =IF(IFERROR(VLOOKUP(B$33,[20]APU´S!C$4:CO$996,38,FALSE),"")="","",VLOOKUP(B$33,[20]APU´S!C$4:CO$996,38,FALSE)) | C61: =IFERROR(VLOOKUP(B61,[20]MATERIALES!C$7:E$494,3,FALSE),"") | J61: =IFERROR(VLOOKUP(B61,[20]MATERIALES!C$7:E$494,2,FALSE),"") | K61: =IF(B61="","",VLOOKUP(B$33,[20]APU´S!C$4:CO$996,39,FALSE)) | L61: =IFERROR(VLOOKUP(B61,[20]MATERIALES!C$7:I$494,4,FALSE),"") | N61: =IF(L61="","",ROUND(L61*K61,2))
B62: =IF(IFERROR(VLOOKUP(B$33,[20]APU´S!C$4:CO$996,40,FALSE),"")="","",VLOOKUP(B$33,[20]APU´S!C$4:CO$996,40,FALSE)) | C62: =IFERROR(VLOOKUP(B62,[20]MATERIALES!C$7:E$494,3,FALSE),"") | J62: =IFERROR(VLOOKUP(B62,[20]MATERIALES!C$7:E$494,2,FALSE),"") | K62: =IF(B62="","",VLOOKUP(B$33,[20]APU´S!C$4:CO$996,41,FALSE)) | L62: =IFERROR(VLOOKUP(B62,[20]MATERIALES!C$7:I$494,4,FALSE),"") | N62: =IF(L62="","",ROUND(L62*K62,2))
B63: =IF(IFERROR(VLOOKUP(B$33,[20]APU´S!C$4:CO$996,42,FALSE),"")="","",VLOOKUP(B$33,[20]APU´S!C$4:CO$996,42,FALSE)) | C63: =IFERROR(VLOOKUP(B63,[20]MATERIALES!C$7:E$494,3,FALSE),"") | J63: =IFERROR(VLOOKUP(B63,[20]MATERIALES!C$7:E$494,2,FALSE),"") | K63: =IF(B63="","",VLOOKUP(B$33,[20]APU´S!C$4:CO$996,43,FALSE)) | L63: =IFERROR(VLOOKUP(B63,[20]MATERIALES!C$7:I$494,4,FALSE),"") | N63: =IF(L63="","",ROUND(L63*K63,2))
B64: =IF(IFERROR(VLOOKUP(B$33,[20]APU´S!C$4:CO$996,44,FALSE),"")="","",VLOOKUP(B$33,[20]APU´S!C$4:CO$996,44,FALSE)) | C64: =IFERROR(VLOOKUP(B64,[20]MATERIALES!C$7:E$494,3,FALSE),"") | J64: =IFERROR(VLOOKUP(B64,[20]MATERIALES!C$7:E$494,2,FALSE),"") | K64: =IF(B64="","",VLOOKUP(B$33,[20]APU´S!C$4:CO$996,45,FALSE)) | L64: =IFERROR(VLOOKUP(B64,[20]MATERIALES!C$7:I$494,4,FALSE),"") | N64: =IF(L64="","",ROUND(L64*K64,2))
B65: =IF(IFERROR(VLOOKUP(B$33,[20]APU´S!C$4:CO$996,46,FALSE),"")="","",VLOOKUP(B$33,[20]APU´S!C$4:CO$996,46,FALSE)) | C65: =IFERROR(VLOOKUP(B65,[20]MATERIALES!C$7:E$494,3,FALSE),"") | J65: =IFERROR(VLOOKUP(B65,[20]MATERIALES!C$7:E$494,2,FALSE),"") | K65: =IF(B65="","",VLOOKUP(B$33,[20]APU´S!C$4:CO$996,47,FALSE)) | L65: =IFERROR(VLOOKUP(B65,[20]MATERIALES!C$7:I$494,4,FALSE),"") | N65: =IF(L65="","",ROUND(L65*K65,2))
B66: =IF(IFERROR(VLOOKUP(B$33,[20]APU´S!C$4:CO$996,48,FALSE),"")="","",VLOOKUP(B$33,[20]APU´S!C$4:CO$996,48,FALSE)) | C66: =IFERROR(VLOOKUP(B66,[20]MATERIALES!C$7:E$494,3,FALSE),"") | J66: =IFERROR(VLOOKUP(B66,[20]MATERIALES!C$7:E$494,2,FALSE),"") | K66: =IF(B66="","",VLOOKUP(B$33,[20]APU´S!C$4:CO$996,49,FALSE)) | L66: =IFERROR(VLOOKUP(B66,[20]MATERIALES!C$7:I$494,4,FALSE),"") | N66: =IF(L66="","",ROUND(L66*K66,2))
B67: =IF(IFERROR(VLOOKUP(B$33,[20]APU´S!C$4:CO$996,50,FALSE),"")="","",VLOOKUP(B$33,[20]APU´S!C$4:CO$996,50,FALSE)) | C67: =IFERROR(VLOOKUP(B67,[20]MATERIALES!C$7:E$494,3,FALSE),"") | J67: =IFERROR(VLOOKUP(B67,[20]MATERIALES!C$7:E$494,2,FALSE),"") | K67: =IF(B67="","",VLOOKUP(B$33,[20]APU´S!C$4:CO$996,51,FALSE)) | L67: =IFERROR(VLOOKUP(B67,[20]MATERIALES!C$7:I$494,4,FALSE),"") | N67: =IF(L67="","",ROUND(L67*K67,2))
B68: =IF(IFERROR(VLOOKUP(B$33,[20]APU´S!C$4:CO$996,52,FALSE),"")="","",VLOOKUP(B$33,[20]APU´S!C$4:CO$996,52,FALSE)) | C68: =IFERROR(VLOOKUP(B68,[20]MATERIALES!C$7:E$494,3,FALSE),"") | J68: =IFERROR(VLOOKUP(B68,[20]MATERIALES!C$7:E$494,2,FALSE),"") | K68: =IF(B68="","",VLOOKUP(B$33,[20]APU´S!C$4:CO$996,53,FALSE)) | L68: =IFERROR(VLOOKUP(B68,[20]MATERIALES!C$7:I$494,4,FALSE),"") | N68: =IF(L68="","",ROUND(L68*K68,2))
B69: =IF(IFERROR(VLOOKUP(B$33,[20]APU´S!C$4:CO$996,54,FALSE),"")="","",VLOOKUP(B$33,[20]APU´S!C$4:CO$996,54,FALSE)) | C69: =IFERROR(VLOOKUP(B69,[20]MATERIALES!C$7:E$494,3,FALSE),"") | J69: =IFERROR(VLOOKUP(B69,[20]MATERIALES!C$7:E$494,2,FALSE),"") | K69: =IF(B69="","",VLOOKUP(B$33,[20]APU´S!C$4:CO$996,55,FALSE)) | L69: =IFERROR(VLOOKUP(B69,[20]MATERIALES!C$7:I$494,4,FALSE),"") | N69: =IF(L69="","",ROUND(L69*K69,2))
B70: =IF(IFERROR(VLOOKUP(B$33,[20]APU´S!C$4:CO$996,56,FALSE),"")="","",VLOOKUP(B$33,[20]APU´S!C$4:CO$996,56,FALSE)) | C70: =IFERROR(VLOOKUP(B70,[20]MATERIALES!C$7:E$494,3,FALSE),"") | J70: =IFERROR(VLOOKUP(B70,[20]MATERIALES!C$7:E$494,2,FALSE),"") | K70: =IF(B70="","",VLOOKUP(B$33,[20]APU´S!C$4:CO$996,57,FALSE)) | L70: =IFERROR(VLOOKUP(B70,[20]MATERIALES!C$7:I$494,4,FALSE),"") | N70: =IF(L70="","",ROUND(L70*K70,2))
B71: =IF(IFERROR(VLOOKUP(B$33,[20]APU´S!C$4:CO$996,58,FALSE),"")="","",VLOOKUP(B$33,[20]APU´S!C$4:CO$996,58,FALSE)) | C71: =IFERROR(VLOOKUP(B71,[20]MATERIALES!C$7:E$494,3,FALSE),"") | J71: =IFERROR(VLOOKUP(B71,[20]MATERIALES!C$7:E$494,2,FALSE),"") | K71: =IF(B71="","",VLOOKUP(B$33,[20]APU´S!C$4:CO$996,59,FALSE)) | L71: =IFERROR(VLOOKUP(B71,[20]MATERIALES!C$7:I$494,4,FALSE),"") | N71: =IF(L71="","",ROUND(L71*K71,2))
B72: =IF(IFERROR(VLOOKUP(B$33,[20]APU´S!C$4:CO$996,60,FALSE),"")="","",VLOOKUP(B$33,[20]APU´S!C$4:CO$996,60,FALSE)) | C72: =IFERROR(VLOOKUP(B72,[20]MATERIALES!C$7:E$494,3,FALSE),"") | J72: =IFERROR(VLOOKUP(B72,[20]MATERIALES!C$7:E$494,2,FALSE),"") | K72: =IF(B72="","",VLOOKUP(B$33,[20]APU´S!C$4:CO$996,61,FALSE)) | L72: =IFERROR(VLOOKUP(B72,[20]MATERIALES!C$7:I$494,4,FALSE),"") | N72: =IF(L72="","",ROUND(L72*K72,2))
B73: =IF(IFERROR(VLOOKUP(B$33,[20]APU´S!C$4:CO$996,62,FALSE),"")="","",VLOOKUP(B$33,[20]APU´S!C$4:CO$996,62,FALSE)) | C73: =IFERROR(VLOOKUP(B73,[20]MATERIALES!C$7:E$494,3,FALSE),"") | J73: =IFERROR(VLOOKUP(B73,[20]MATERIALES!C$7:E$494,2,FALSE),"") | K73: =IF(B73="","",VLOOKUP(B$33,[20]APU´S!C$4:CO$996,63,FALSE)) | L73: =IFERROR(VLOOKUP(B73,[20]MATERIALES!C$7:I$494,4,FALSE),"") | N73: =IF(L73="","",ROUND(L73*K73,2))
B74: SUBTOTAL $ | N74: =ROUND(SUM(N58:N73),2) -> 57735.28
B76: III. TRANSPORTES
B78: CÓDIGO | C78: DESCRIPCIÓN | I78: UNIDAD | J78: CANTIDAD (1) | K78: DISTANCIA (2) | L78: (1) * (2) | M78: TARIFA | N78: Vr. UNITARIO
B79: =IF(IFERROR(VLOOKUP(B$33,[20]APU´S!C$4:CO$996,64,FALSE),"")="","",VLOOKUP(B$33,[20]APU´S!C$4:CO$996,64,FALSE)) -> T0010010 | C79: =IFERROR(VLOOKUP(B79,[20]TRANSPORTE!C$7:E$67,3,FALSE),"") -> Transporte de material de afirmado | I79: =IFERROR(VLOOKUP(B79,[20]TRANSPORTE!C$7:E$67,2,FALSE),"") -> m3-km | J79: 1 | K79: 145 | L79: =IF(C79="","",K79*J79) -> 145 | M79: =IFERROR(VLOOKUP(B79,[20]TRANSPORTE!C$7:I$67,4,FALSE),"") -> 1248.7198 | N79: =IF(B79="","",ROUND(L79*M79,2)) -> 181064.37
B80: =IF(IFERROR(VLOOKUP(B$33,[20]APU´S!C$4:CO$996,66,FALSE),"")="","",VLOOKUP(B$33,[20]APU´S!C$4:CO$996,66,FALSE)) | C80: Transporte de maquinaria | I80: =IFERROR(VLOOKUP(B80,[20]TRANSPORTE!C$7:E$67,2,FALSE),"") | J80: =IF(B80="","",VLOOKUP(B$33,[20]APU´S!C$4:CO$996,67,FALSE)) | K80: =IF(B80="","",1) | M80: =IFERROR(VLOOKUP(B80,[20]TRANSPORTE!C$7:I$67,4,FALSE),"") | N80: 55000
B81: =IF(IFERROR(VLOOKUP(B$33,[20]APU´S!C$4:CO$996,68,FALSE),"")="","",VLOOKUP(B$33,[20]APU´S!C$4:CO$996,68,FALSE)) | C81: =IFERROR(VLOOKUP(B81,[20]TRANSPORTE!C$7:E$67,3,FALSE),"") | I81: =IFERROR(VLOOKUP(B81,[20]TRANSPORTE!C$7:E$67,2,FALSE),"") | J81: =IF(B81="","",VLOOKUP(B$33,[20]APU´S!C$4:CO$996,69,FALSE)) | K81: =IF(B81="","",1) | L81: =IF(C81="","",K81*J81) | M81: =IFERROR(VLOOKUP(B81,[20]TRANSPORTE!C$7:I$67,4,FALSE),"") | N81: =IF(B81="","",ROUND(L81*M81,2))
B82: =IF(IFERROR(VLOOKUP(B$33,[20]APU´S!C$4:CO$996,70,FALSE),"")="","",VLOOKUP(B$33,[20]APU´S!C$4:CO$996,70,FALSE)) | C82: =IFERROR(VLOOKUP(B82,[20]TRANSPORTE!C$7:E$67,3,FALSE),"") | I82: =IFERROR(VLOOKUP(B82,[20]TRANSPORTE!C$7:E$67,2,FALSE),"") | J82: =IF(B82="","",VLOOKUP(B$33,[20]APU´S!C$4:CO$996,71,FALSE)) | K82: =IF(B82="","",1) | L82: =IF(C82="","",K82*J82) | M82: =IFERROR(VLOOKUP(B82,[20]TRANSPORTE!C$7:I$67,4,FALSE),"") | N82: =IF(B82="","",ROUND(L82*M82,2))
B83: =IF(IFERROR(VLOOKUP(B$33,[20]APU´S!C$4:CO$996,72,FALSE),"")="","",VLOOKUP(B$33,[20]APU´S!C$4:CO$996,72,FALSE)) | C83: =IFERROR(VLOOKUP(B83,[20]TRANSPORTE!C$7:E$67,3,FALSE),"") | I83: =IFERROR(VLOOKUP(B83,[20]TRANSPORTE!C$7:E$67,2,FALSE),"") | J83: =IF(B83="","",VLOOKUP(B$33,[20]APU´S!C$4:CO$996,73,FALSE)) | K83: =IF(B83="","",1) | L83: =IF(C83="","",K83*J83) | M83: =IFERROR(VLOOKUP(B83,[20]TRANSPORTE!C$7:I$67,4,FALSE),"") | N83: =IF(B83="","",ROUND(L83*M83,2))
B84: SUBTOTAL $ | N84: =ROUND(SUM(N79:N83),2) -> 236064.37
B86: IV. MANO DE OBRA
B88: CÓDIGO | C88: DESCRIPCIÓN | I88: JORNAL | J88: PRESTACIONES (%) | K88: JR. TOTAL | L88: RENDIMIENTO | N88: Vr. UNITARIO
B93: =IF(IFERROR(VLOOKUP(B$33,[20]APU´S!C$4:CO$996,82,FALSE),"")="","",VLOOKUP(B$33,[20]APU´S!C$4:CO$996,82,FALSE)) | C93: =IFERROR(VLOOKUP(B93,'[20]MANO DE OBRA'!C$12:E$110,2,FALSE),"") | I93: =(IFERROR(VLOOKUP(B93,'[20]MANO DE OBRA'!C$12:G$110,3,FALSE)/30,"")) | J93: =(IFERROR(VLOOKUP(B93,'[20]MANO DE OBRA'!C$12:G$110,4,FALSE),"")) | K93: =IF(B93="","",(I93*J93)) | L93: =IF(B93="","",(VLOOKUP(B$33,[20]APU´S!C$4:CO$996,83,FALSE)*((VLOOKUP(B$33,'[20]HOJA DE CALCULOS '!FQ$5:FU$1022,5,FALSE))*('[20]HOJA DE CALCULOS '!R9/8))))
B94: =IF(IFERROR(VLOOKUP(B$33,[20]APU´S!C$4:CO$996,84,FALSE),"")="","",VLOOKUP(B$33,[20]APU´S!C$4:CO$996,84,FALSE)) | C94: =IFERROR(VLOOKUP(B94,'[20]MANO DE OBRA'!C$12:E$110,2,FALSE),"") | I94: =(IFERROR(VLOOKUP(B94,'[20]MANO DE OBRA'!C$12:G$110,3,FALSE)/30,"")) | J94: =(IFERROR(VLOOKUP(B94,'[20]MANO DE OBRA'!C$12:G$110,4,FALSE),"")) | K94: =IF(B94="","",(I94*J94)) | L94: =IF(B94="","",(VLOOKUP(B$33,[20]APU´S!C$4:CO$996,85,FALSE)*((VLOOKUP(B$33,'[20]HOJA DE CALCULOS '!FQ$5:FU$1022,5,FALSE))*('[20]HOJA DE CALCULOS '!R9/8)))) | N94: =IF(L94="","",ROUND(K94/L94,2))
B95: =IF(IFERROR(VLOOKUP(B$33,[20]APU´S!C$4:CO$996,86,FALSE),"")="","",VLOOKUP(B$33,[20]APU´S!C$4:CO$996,86,FALSE)) | C95: =IFERROR(VLOOKUP(B95,'[20]MANO DE OBRA'!C$12:E$110,2,FALSE),"") | I95: =(IFERROR(VLOOKUP(B95,'[20]MANO DE OBRA'!C$12:G$110,3,FALSE)/30,"")) | J95: =(IFERROR(VLOOKUP(B95,'[20]MANO DE OBRA'!C$12:G$110,4,FALSE),"")) | K95: =IF(B95="","",(I95*J95)) | L95: =IF(B95="","",(VLOOKUP(B$33,[20]APU´S!C$4:CO$996,87,FALSE)*((VLOOKUP(B$33,'[20]HOJA DE CALCULOS '!FQ$5:FU$1022,5,FALSE))*('[20]HOJA DE CALCULOS '!R9/8)))) | N95: =IF(L95="","",ROUND(K95/L95,2))
B96: =IF(IFERROR(VLOOKUP(B$33,[20]APU´S!C$4:CO$996,88,FALSE),"")="","",VLOOKUP(B$33,[20]APU´S!C$4:CO$996,88,FALSE)) | C96: =IFERROR(VLOOKUP(B96,'[20]MANO DE OBRA'!C$12:E$110,2,FALSE),"") | I96: =(IFERROR(VLOOKUP(B96,'[20]MANO DE OBRA'!C$12:G$110,3,FALSE)/30,"")) | J96: =(IFERROR(VLOOKUP(B96,'[20]MANO DE OBRA'!C$12:G$110,4,FALSE),"")) | K96: =IF(B96="","",(I96*J96)) | L96: =IF(B96="","",(VLOOKUP(B$33,[20]APU´S!C$4:CO$996,89,FALSE)*((VLOOKUP(B$33,'[20]HOJA DE CALCULOS '!FQ$5:FU$1022,5,FALSE))*('[20]HOJA DE CALCULOS '!R9/8)))) | N96: =IF(L96="","",ROUND(K96/L96,2))
B97: =IF(IFERROR(VLOOKUP(B$33,[20]APU´S!C$4:CO$996,90,FALSE),"")="","",VLOOKUP(B$33,[20]APU´S!C$4:CO$996,90,FALSE)) | C97: =IFERROR(VLOOKUP(B97,'[20]MANO DE OBRA'!C$12:E$110,2,FALSE),"") | I97: =(IFERROR(VLOOKUP(B97,'[20]MANO DE OBRA'!C$12:G$110,3,FALSE)/30,"")) | J97: =(IFERROR(VLOOKUP(B97,'[20]MANO DE OBRA'!C$12:G$110,4,FALSE),"")) | K97: =IF(B97="","",(I97*J97)) | L97: =IF(B97="","",(VLOOKUP(B$33,[20]APU´S!C$4:CO$996,91,FALSE)*((VLOOKUP(B$33,'[20]HOJA DE CALCULOS '!FQ$5:FU$1022,5,FALSE))*('[20]HOJA DE CALCULOS '!R9/8)))) | N97: =IF(L97="","",ROUND(K97/L97,2))
B98: =IF(IFERROR(VLOOKUP(B$33,[20]APU´S!C$4:CO$996,92,FALSE),"")="","",VLOOKUP(B$33,[20]APU´S!C$4:CO$996,92,FALSE)) | C98: =IFERROR(VLOOKUP(B98,'[20]MANO DE OBRA'!C$12:E$110,2,FALSE),"") | I98: =(IFERROR(VLOOKUP(B98,'[20]MANO DE OBRA'!C$12:G$110,3,FALSE)/30,"")) | J98: =(IFERROR(VLOOKUP(B98,'[20]MANO DE OBRA'!C$12:G$110,4,FALSE),"")) | K98: =IF(B98="","",(I98*J98)) | L98: =IF(B98="","",(VLOOKUP(B$33,[20]APU´S!C$4:CO$996,93,FALSE)*((VLOOKUP(B$33,'[20]HOJA DE CALCULOS '!FQ$5:FU$1022,5,FALSE))*('[20]HOJA DE CALCULOS '!R9/8)))) | N98: =IF(L98="","",ROUND(K98/L98,2))
B99: SUBTOTAL $ | N99: =IFERROR(ROUND(SUM(N89:N98),2),"") -> 0
B101: TOTAL COSTO DIRECTO $ | N101: =ROUND((N99+N84+N74+N53),2) -> 306732.36
B103: V. COSTOS INDIRECTOS
B105: DESCRIPCIÓN | K105: Porcentaje | L105: Valor Total
B106: ADMINISTRACION | K106: 0.2 | L106: =+K106*N101 -> 61346.472
B107: IMPREVISTOS | L107: =+K107*N101 -> 0
B108: UTILIDAD
B109: SUBTOTAL $ | N109: =+L108+L107+L106 -> 61346.472
B111: Precio Unitario Total Aproximado al Peso $ | N111: =+N109+N101 -> 368078.83
E116: Firma
E117: Nombre:
E118: Representante Legal del Contratista o su Apoderado
E119: Matricula No. :
B121: OBSERVACIONES INTERVENTORÍA:
B122: =IF(IFERROR(VLOOKUP(B$33,[20]APU´S!#REF!,94,FALSE),"")="","",VLOOKUP(B$33,[20]APU´S!C$4:CT$996,94,FALSE))
B126: APROBACIÓN POR INTERVENTORÍA
B127: =IF(IFERROR(VLOOKUP(B$33,[20]APU´S!#REF!,95,FALSE),"")="","",VLOOKUP(B$33,[20]APU´S!C$4:CT$996,95,FALSE))
E135: Firma
E136: Nombre:
E137: Representante Legal del Interventor o su Apoderado
E138: Matricula No. :
B140: NOTA: Los documentos publicados periódicamente son propiedad del Instituto Nacional de Vías. Su uso con fines comerciales o de lucro a cualquier título sin previa autorización, está totalmente prohibido y constituye una infracción a la normatividad vigente.
